Map: Dreamcatcher LE

Players

Leo

  • Race: Zerg Zerg
  • League: Diamond
  • Spawn Location: 5:00

Vlign - Winner!

  • Race: Terran Terran
  • League: Diamond
  • Spawn Location: 11:00

VOD

Have the link to the VOD?

Description

Time

  • Played on: July 20, 2018, 11:50 p.m.
  • Length: 18:41
Show
View Real Time Build Order
Export as new Build Order

Leo Zerg 

Build Orders: Pool First 

Get SALT Encoding   

  12  0:02  Drone  
  13  0:08  Drone  
  14  0:26  Overlord  
  14  0:28  Extractor  
  14  0:29  Drone  
  15  0:46  Drone x2  
  15  0:49  Spawning Pool  
  16  0:52  Drone  
  17  1:14  Hatchery  
  16  1:19  Drone x2  
  16  1:24  Drone  
  16  1:25  Extractor  
  18  1:37  Drone  
  19  1:42  Queen  
  19  1:44  Drone  
  22  1:52  Overlord  
  22  2:01  Roach Warren  
  22  2:04  Drone  
  22  2:18  Queen  
  24  2:30  Drone x3, Evolution Chamber  
  24  2:35  Drone  
  27  2:41  Drone  
  28  2:48  Zergling x4  
  30  3:02  Extractor  
  29  3:09  Queen  
  33  3:15  Lair  
  33  3:16  Zerg Missile Weapons Level 1  
  31  3:28  Drone x5  
  36  3:37  Overlord  
  36  3:40  Overlord  
  36  3:42  Overlord  
  36  3:45  Metabolic Boost  
  36  3:54  Queen  
  36  3:55  Drone  
  39  3:56  Drone  
  39  3:58  Drone  
  39  4:01  Drone  
  42  4:03  Drone  
  42  4:05  Drone  
  44  4:22  Drone  
  44  4:23  Drone x6  
  44  4:24  Drone  
  52  4:27  Roach  
  49  4:57  Drone  
  49  4:58  Drone x6  
  56  5:02  Extractor  
  56  5:03  Glial Reconstitution  
  56  5:05  Hatchery, Pneumatized Carapace  
  54  5:13  Zerg Melee Weapons Level 1  
  54  5:18  Evolution Chamber  
  53  5:22  Extractor, Hydralisk Den  
  53  5:26  Baneling Nest  
  50  5:29  Roach  
  50  5:30  Roach  
  54  5:44  Overlord  
  54  5:49  Overlord  
  54  5:51  Overlord  
  54  5:55  Hatchery  
  53  6:07  Roach  
  53  6:08  Roach x5  
  63  6:13  Centrifical Hooks  
  63  6:18  Drone x2  
  65  6:19  Drone  
  65  6:21  Drone  
  67  6:36  Zergling x2  
  67  6:37  Zergling x14  
  75  6:43  Muscular Augments  
  75  6:47  Zergling x2  
  75  6:48  Zergling x6  
  80  7:05  Zergling x4  
  80  7:06  Zergling x26  
  81  7:11  Zergling x2  
  75  7:16  Zerg Missile Weapons Level 2  
  75  7:18  Zerg Melee Weapons Level 2  
  75  7:24  Queen  
  77  7:43  Baneling  
  77  7:44  Baneling x14  
  77  7:51  Infestation Pit  
  77  7:54  Drone x5, Grooved Spines  
  77  7:56  Drone  
  82  8:04  Queen  
  84  8:06  Queen  
  84  8:11  Overlord  
  86  8:14  Overlord  
  86  8:18  Overlord  
  86  8:20  Overlord  
  86  8:47  Hydralisk x8  
  86  8:48  Hydralisk  
  104  9:05  Drone  
  104  9:06  Drone x4  
  104  9:09  Drone, Extractor  
  110  9:10  Drone, Extractor  
  110  9:11  Drone  
  110  9:16  Hatchery, Drone x2  
  110  9:17  Drone  
  112  9:42  Hydralisk  
  112  9:43  Hydralisk x4  
  122  9:46  Overlord x3  
  122  9:47  Overlord x2  
  122  10:13  Roach x7  
  122  10:14  Roach x5  
  146  10:18  Zerg Ground Armor Level 1  
  146  10:23  Hive  
  146  10:30  Drone x5  
  151  10:42  Roach  
  151  10:43  Roach x4  
  153  11:03  Spire  
  152  11:08  Drone x4, Spire  
  155  11:23  Drone x7  
  155  11:24  Drone x6  
  157  11:28  Overseer  
  157  11:31  Overseer x3  
  157  11:32  Overseer x2  
  157  11:37  Viper x3  
  166  11:42  Overlord x2  
  166  11:43  Overlord  
  166  11:52  Spore Crawler  
  161  11:54  Spine Crawler  
  161  11:57  Spore Crawler  
  161  12:00  Spine Crawler  
  158  12:06  Spore Crawler x2  
  156  12:09  Spine Crawler  
  156  12:12  Spine Crawler  
  156  12:14  Spine Crawler  
  153  12:16  Viper x3  
  162  12:26  Greater Spire  
  162  12:27  Zerg Flyer Weapons Level 1, Corruptor  
  162  12:28  Corruptor  
  166  12:31  Corruptor  
  168  13:02  Corruptor x2  
  168  13:03  Corruptor x5  
  182  13:06  Zergling x2  
  182  13:09  Overlord x2  
  182  13:10  Overlord  
  183  13:21  Zerg Ground Armor Level 2  
  124  14:06  Zergling x2  
  124  14:07  Zergling x36  
  124  14:16  Extractor x2  
  114  14:34  Brood Lord  
  114  14:35  Brood Lord  
  114  14:36  Brood Lord  
  114  14:37  Brood Lord x3  
  114  14:38  Corruptor x3  
  126  14:39  Corruptor  
  134  14:47  Corruptor x2  
  134  14:51  Zergling x6  
  134  14:52  Zergling x18  
  150  15:01  Zerg Melee Weapons Level 3  
  150  15:06  Drone x2  
  150  15:07  Drone x2  
  154  15:08  Drone x2  
  154  15:09  Drone  
  154  15:12  Extractor  
  156  15:28  Hatchery  
  155  15:30  Hydralisk  
  155  15:33  Hydralisk  
  159  15:40  Hatchery  
  158  15:51  Hydralisk  
  158  15:52  Hydralisk x5  
  166  16:14  Corruptor x5  
  144  16:28  Corruptor x2  
  144  16:29  Corruptor  
  115  16:34  Hydralisk  
  115  16:35  Hydralisk x2  
  115  16:46  Drone  
  115  16:47  Drone x7  
  123  16:55  Zergling x8  
  127  17:05  Drone  
  127  17:06  Drone x5  
  127  17:07  Drone  
  114  17:22  Corruptor x5  
  114  17:29  Extractor, Drone x3  
  110  17:30  Extractor  
  110  17:31  Drone x3  
  110  17:32  Overlord x3  
  110  17:33  Overlord x2  
  112  17:48  Corruptor x2  
  122  17:58  Corruptor  
  124  18:01  Corruptor  
  125  18:07  Extractor x2  
  88  18:24  Zergling x4  
Show
View Real Time Build Order
Export as new Build Order

Vlign Terran - Winner!

Build Orders: MMM Bio 

Get SALT Encoding   

  12  0:00  SCV  
  13  0:13  SCV  
  14  0:23  Supply Depot  
  14  0:25  SCV  
  15  0:29  Refinery  
  15  0:44  SCV  
  16  0:51  Barracks  
  16  0:57  SCV  
  17  1:01  Refinery  
  17  1:09  SCV  
  18  1:21  SCV  
  19  1:39  Orbital Command, Reaper  
  20  1:44  Supply Depot  
  20  1:54  Factory  
  20  2:04  SCV  
  21  2:13  Barracks Reactor  
  21  2:18  SCV  
  22  2:30  SCV  
  23  2:41  Command Center  
  23  2:42  SCV  
  24  2:55  SCV  
  25  3:07  SCV  
  26  3:16  Barracks Reactor  
  26  3:19  SCV  
  27  3:24  Command Center  
  27  3:26  Hellion x2  
  31  3:31  Ghost Academy  
  31  3:41  Barracks  
  31  3:53  SCV, Cyclone  
  31  3:54  Orbital Command  
  35  4:01  Marine x2  
  37  4:05  SCV  
  38  4:17  SCV  
  38  4:19  Cyclone  
  42  4:25  Cyclone  
  42  4:29  SCV  
  46  4:35  SCV  
  46  4:36  Marine x2  
  45  4:40  Barracks Tech Lab  
  45  4:41  SCV  
  45  4:42  Personal Cloaking  
  45  4:45  Orbital Command  
  45  4:48  SCV  
  46  4:56  Cyclone  
  46  4:59  Cyclone  
  52  5:02  Marine x2  
  52  5:06  Stimpack  
  54  5:07  SCV  
  54  5:08  Marine  
  54  5:11  SCV  
  57  5:15  SCV  
  57  5:18  Refinery  
  57  5:21  SCV  
  59  5:24  Supply Depot, Marine x2  
  59  5:25  Supply Depot  
  61  5:38  Ghost  
  61  5:41  Supply Depot  
  63  5:44  Widow Mine x2, Marine  
  63  5:45  Marine  
  63  5:46  SCV  
  70  5:51  SCV  
  70  5:52  Refinery  
  71  5:58  Engineering Bay  
  71  6:01  SCV  
  71  6:02  Engineering Bay  
  72  6:06  Ghost  
  74  6:16  Marine x2  
  76  6:24  SCV, Barracks  
  77  6:25  Starport  
  77  6:27  Terran Infantry Armor Level 1  
  77  6:31  SCV  
  77  6:32  Factory Tech Lab  
  78  6:37  SCV  
  78  6:38  Marine x2  
  78  6:39  Marauder  
  83  6:42  SCV  
  69  7:09  Marine x2  
  69  7:10  Siege Tank, Marauder  
  62  7:27  Marine, Barracks  
  62  7:28  Terran Infantry Weapons Level 1  
  62  7:29  Barracks  
  63  7:32  Armory, Barracks  
  63  7:33  Starport Reactor  
  63  7:34  Combat Shields  
  63  7:37  Marine x3  
  63  7:38  Ghost  
  63  7:40  Orbital Command  
  63  7:43  SCV  
  67  7:45  Marine  
  68  7:54  SCV  
  68  7:55  SCV, Marine x2  
  68  7:57  Siege Tank  
  75  8:06  SCV, Refinery  
  75  8:07  SCV  
  75  8:10  SCV  
  78  8:17  Ghost  
  78  8:18  Marine  
  78  8:19  Barracks Tech Lab x3  
  81  8:20  Marine  
  81  8:21  Marine x2  
  81  8:22  Medivac x2  
  81  8:23  SCV x2  
  81  8:26  SCV  
  91  8:27  Refinery  
  91  8:33  Terran Infantry Armor Level 2  
  91  8:35  SCV x2  
  93  8:52  Nuke  
  93  8:53  Ghost, Marine x2  
  93  8:54  Widow Mine, Marauder  
  101  8:57  Supply Depot  
  101  8:58  Supply Depot x2  
  101  9:05  Command Center  
  101  9:08  Bunker  
  101  9:18  Ghost x2, SCV x2, Marine x2  
  101  9:19  SCV, Marine x2  
  101  9:20  Marauder  
  101  9:22  Ghost  
  116  9:29  Supply Depot  
  116  9:30  SCV  
  116  9:31  SCV  
  118  9:32  SCV  
  118  9:36  Siege Tank  
  118  9:37  Concussive Shells, Marine  
  123  9:38  Supply Depot  
  123  9:39  Medivac  
  125  9:47  Supply Depot  
  125  9:50  Ghost, Marine  
  125  9:51  Medivac  
  125  9:52  Supply Depot  
  130  9:54  Ghost  
  132  10:01  Marine, Marauder x2  
  137  10:13  SCV x2  
  137  10:14  SCV  
  140  10:16  Terran Infantry Weapons Level 2  
  140  10:23  Ghost x2  
  140  10:25  SCV  
  140  10:26  SCV  
  140  10:27  SCV  
  148  10:35  Marine x3  
  148  11:14  Planetary Fortress  
  148  11:15  SCV x2  
  150  11:18  Refinery  
  150  11:19  Ghost x3, SCV  
  150  11:20  Ghost, Refinery, Marine  
  150  11:22  Siege Tank, Medivac  
  150  11:23  Medivac  
  150  11:25  Marine x3  
  169  11:27  SCV  
  169  11:28  SCV  
  169  11:30  Barracks  
  172  11:43  Factory  
  172  11:45  Liberator  
  172  11:49  Ghost x2  
  172  11:50  SCV x2, Marine x2  
  172  11:53  Marine x2  
  172  11:54  Supply Depot  
  182  11:55  Supply Depot  
  182  12:01  Siege Tank  
  194  12:15  SCV x2  
  194  12:16  Marauder x2  
  194  12:20  Terran Infantry Armor Level 3  
  194  12:23  Supply Depot  
  194  12:24  Supply Depot  
  194  12:27  Terran Vehicle And Ship Armor Level 1  
  194  12:29  Factory Tech Lab  
  194  12:30  Barracks Reactor  
  194  12:31  Liberator  
  194  12:34  SCV  
  194  12:35  SCV  
  196  12:39  Command Center  
  196  12:42  Starport  
  199  12:55  Command Center  
  199  13:00  Command Center  
  199  13:11  Nuke  
  199  13:13  Ghost Academy  
  199  13:15  Ghost Academy  
  199  13:26  Terran Infantry Weapons Level 3  
  121  14:09  Ghost x3, Marine x2  
  111  14:10  Marine x4  
  121  14:18  Ghost  
  123  14:27  Marine x3  
  123  14:28  Marine x2  
  123  14:30  Marine  
  129  14:34  Thor x2  
  129  14:35  Viking x2  
  129  14:38  Ghost  
  147  14:39  Starport Tech Lab, Marauder  
  147  14:40  Starport  
  147  14:45  Starport  
  149  14:46  Starport x2, Planetary Fortress  
  149  14:47  Missile Turret  
  149  14:48  SCV x3  
  152  15:01  Terran Ship Weapons Level 1  
  152  15:03  Nuke x3, Refinery  
  152  15:07  Refinery  
  152  15:10  Missile Turret  
  152  15:11  Building Armor  
  152  15:13  Ghost x3, Marine  
  152  15:14  Ghost  
  159  15:18  Starport Reactor  
  161  15:21  SCV x2  
  161  15:22  SCV  
  161  15:24  Marine x5  
  161  15:26  Starport Reactor  
  157  15:41  Ghost x2  
  157  15:42  Marauder  
  160  15:52  Ghost  
  160  15:53  Marine x6  
  168  16:03  Ghost  
  151  16:37  Liberator x2  
  151  16:39  Command Center  
  150  16:41  Planetary Fortress  
  150  16:51  Nuke x3  
  150  16:52  Ghost x2, Marine  
  150  16:53  Ghost, Marine  
  143  16:54  Viking x3  
  158  16:55  Viking  
  158  16:56  Medivac  
  172  17:26  Ghost x2, Marine x5  
  172  17:27  Marine  
  172  17:28  SCV x2  
  184  17:33  Refinery, Ghost x2  
  184  17:34  Refinery, Viking  
  184  17:35  Viking  
  192  17:48  Marine x5  
  192  17:49  Marine  
  198  17:54  Ghost  
  198  17:57  Command Center  
Tags
 
Composition
MMM Bio
Matchup
TvZ
Opening
Pool First
Replay Pack
replaypack1
Spawn Locations
Cross Positions
Add a new tag
Caveats
  • Supply blocks, unpowered buildings, or Contaminate may cause inaccurate times.
  • Supply counts are checked every 10 seconds.